 Dungeon Crawl Stone Soup version 0.20-a0-1127-g1289703 (webtiles) character file.

98 MydosGodOfBeginnings the Cudgeler (level 4, -3/35 HPs)
             Began as a Mummy Monk on May 18, 2017.
             Was a Believer of Cheibriados.
             Slain by a gnoll
             ... wielding a +1 halberd of pain
              (11 damage)
             ... on level 2 of the Dungeon.
             The game lasted 00:04:41 (2186 turns).

MydosGodOfBeginnings the Cudgeler (Mummy Monk)      Turns: 2186, Time: 00:04:42

Health: -3/35      AC:  4    Str: 18    XL:     4   Next: 43%
Magic:  4/4        EV: 13    Int: 14    God:    Cheibriados [**....]
Gold:   53         SH:  0    Dex: 18    Spells: 3/3 levels left

rFire    x . .     SeeInvis .   a - +0 mace
rCold    + . .     Gourm    .   (no shield)
rNeg     + + +     Faith    .   c - +0 leather armour
rPois    ∞         Spirit   .   e - +0 helmet
rElec    .         Reflect  .   (no cloak)
rCorr    .         Harm     .   (no gloves)
MR       .....                  (no boots)
Stlth    ++........             (no amulet)
Regen    0.2/turn               (no ring)
MPRegen  0.1/turn               (no ring)

@: very slow
A: no food or potions, fire vulnerability, cold resistance 1, negative energy
resistance 3, torment resistance, unbreathing
a: Bend Time, Renounce Religion


You were on level 2 of the Dungeon.
You worshipped Cheibriados.
Cheibriados was pleased with you.
You were not hungry.

You visited 1 branch of the dungeon, and saw 2 of its levels.

You collected 53 gold pieces.

Inventory:

Hand Weapons
 a - a +0 mace (weapon)
Armour
 b - a +0 robe
 c - a +0 leather armour (worn)
 e - a +0 helmet (worn)
Scrolls
 d - 3 scrolls of identify {unknown}
 f - a scroll of enchant weapon {unknown}
 g - a scroll of enchant armour {unknown}
 h - 2 scrolls of recharging {unknown}


   Skills:
 + Level 3.3 Fighting
 * Level 3.7 Maces & Flails
 + Level 0.7 Armour
 + Level 2.8 Dodging
 - Level 1.6 Stealth


You had 3 spell levels left.
You didn't know any spells.

Dungeon Overview and Level Annotations

Branches:
Dungeon (2/15)

Altars:
Cheibriados
Gozag
Hepliaklqana
Trog
Uskayaw
Vehumet

Annotations:
D:2 Terence


Innate Abilities, Weirdness & Mutations

You do not eat or drink.
Your flesh is vulnerable to fire.
You are immune to poison.
Your flesh is cold resistant. (rC+)
You are immune to negative energy. (rN+++)
You are immune to unholy pain and torment.
You can survive without breathing.


Message History

You fail to use your ability.
The gnoll hits you from afar with a halberd of pain!
Terence hits you with a short sword!
* * * LOW HITPOINT WARNING * * *
The flow of time bends around you.
Cheibriados rebukes Terence.
Terence seems to slow down.
The gnoll closely misses you. Terence barely misses you.
There is an open door here.
Terence is no longer moving slowly.
The gnoll closely misses you. The gnoll misses you.
The gnoll barely misses you. The gnoll barely misses you. The gnoll misses you.
The gnoll hits you from afar with a halberd of pain.
* * * LOW HITPOINT WARNING * * *
The gnoll closely misses you.
The gnoll hits you from afar with a halberd of pain!
You die...

### #################.#
............@...#.###
.##############@#...# .#
#g#<#.# @## #.###.#
..#### ######.@...#
..'..# #...########
..##.# #.#.#
..##.#####.#.######
..'..............>#
..##...%.#+#+####.#
..###[##......#...######
..# #.#.......'...#....#
### #.#.......#.#.#.##.#


You could see Terence and a gnoll.

Vanquished Creatures
  3 gnolls (D:2)
  An adder (D:2)
  2 oozes (D:1)
  A worm (D:2)
  2 leopard geckos (D:1)
  6 bats
  3 giant cockroaches
  4 goblins
  4 hobgoblins (D:1)
  3 jackals (D:1)
  6 kobolds (D:1)
  A ball python (D:1)
  7 frilled lizards
  5 rats (D:1)
48 creatures vanquished.

Notes
Turn   | Place    | Note
-------+----------+-------------------------------------------
     0 | D:1      | MydosGodOfBeginnings the Mummy Monk began the quest for the Orb.
     0 | D:1      | Reached XP level 1. HP: 18/18 MP: 1/1
   304 | D:1      | Reached XP level 2. HP: 24/24 MP: 2/2
   870 | D:1      | Reached XP level 3. HP: 29/29 MP: 3/3
  1779 | D:2      | Found a snail-covered altar of Cheibriados.
  1782 | D:2      | Found a radiant altar of Vehumet.
  1782 | D:2      | Found a hide-covered altar of Uskayaw.
  1793 | D:2      | Found a hazy altar of Hepliaklqana.
  1797 | D:2      | Found an opulent altar of Gozag.
  1821 | D:2      | Became a worshipper of Cheibriados the Contemplative
  1821 | D:2      | Reached * piety under Cheibriados
  1821 | D:2      | Reached ** piety under Cheibriados
  1909 | D:2      | Found a bloodstained altar of Trog.
  1955 | D:2      | Reached XP level 4. HP: 35/35 MP: 4/4
  2141 | D:2      | Noticed Terence
  2186 | D:2      | Slain by a gnoll

Vault maps used:
D:1:      erik_arrival_gehennom
D:2:      minmay_overflow_temple_star_hex, marbit_many_paths,
          grunt_ministairs_1, uniq_terence

Skill      XL: |  1  2 |
---------------+-------+-----
Maces & Flails | 3 |  3.7
Fighting       | |  3.3
Armour         | |  0.7
Dodging        | |  2.8
Stealth        | |  1.6

Action                   |  1- 3 |  4- 6 || total
-------------------------+-------+-------++-------
Melee: Mace              |   134 |    31 ||   165
Invok: Bend Time         |       |     1 ||     1
 Stab: Sleeping          |     3 |       ||     3
       Distracted        |     2 |       ||     2
Armor: Robe              |     1 |       ||     1
       Leather armour    |    48 |    13 ||    61
Dodge: Dodged            |    96 |    47 ||   143
